 Dungeon Crawl Stone Soup version 0.29-a0-824-gd827844252 (webtiles) character file.

Game seed: 2524003337233454693

129 jimonade the Sneak (level 5, -5/28 HPs)
             Began as a Kobold Enchanter on July 11, 2022.
             Killed from afar by an orc wizard (7 damage)
             ... with a puff of flame
             ... on level 2 of the Dungeon.
             The game lasted 00:08:37 (2700 turns).

jimonade the Sneak (Kobold Enchanter)               Turns: 2700, Time: 00:08:38

Health: -5/28      AC:  7    Str:  7    XL:     5   Next: 35%
Magic:  5/8        EV: 15    Int: 20    God:
Gold:   94         SH:  0    Dex: 15    Spells: 3/8 levels left

rFire   . . .      SeeInvis .   a - +1 dagger
rCold   . . .      Faith    .   (no shield)
rNeg    . . .      Spirit   .   w - +2 robe of the Orb Guardian {Int+3}
rPois   .          Reflect  .   s - +0 helmet
rElec   .          Harm     .   p - +0 cloak
rCorr   .          Rampage  .   i - +0 pair of gloves
Will    .....                   (no boots)
Stlth   ++........              (no amulet)
HPRegen 0.09/turn               (no ring)
MPRegen 0.11/turn               (no ring)

@: confused
A: small, no large weapons, nightstalker 3
a: no special abilities


You were on level 2 of the Dungeon.
You visited 1 branch of the dungeon, and saw 2 of its levels.

You collected 94 gold pieces.

Inventory:

Hand Weapons
 a - a +1 dagger (weapon)
 e - a +0 rapier
 k - a +0 spear
Missiles
 f - 3 boomerangs (quivered)
 m - 2 poisoned darts
 q - 13 stones
Armour
 b - a +0 robe
 i - a +0 pair of gloves (worn)
 p - a +0 cloak (worn)
 r - a +0 buckler
 s - a +0 helmet (worn)
 w - the +2 robe of the Orb Guardian (worn) {Int+3}
   (You found it on level 2 of the Dungeon)

   Int:       It affects your intelligence (+3).
Wands
 v - a wand of polymorph (8)
Scrolls
 d - a scroll of blinking {unknown}
 h - 2 scrolls of teleportation {unknown}
 n - a scroll of fear {unknown}
 t - 2 scrolls of identify {unknown}
 u - a scroll of enchant weapon {unknown}
 x - a scroll of enchant armour {unknown}
Potions
 c - 2 potions of invisibility
 g - a potion of mutation {unknown}
 j - a potion of flight {unknown}
 l - a potion of berserk rage {unknown}
 o - a potion of magic {unknown}
 z - a potion of cancellation {unknown}


   Skills:
 + Level 0.7 Fighting
 + Level 2.3 Short Blades
 + Level 2.7 Dodging
 * Level 7.0 Stealth
 + Level 2.2 Spellcasting
 + Level 3.2 Hexes
 + Level 0.2 Ice Magic


You had 3 spell levels left.
You knew the following spells:

 Your Spells              Type           Power      Damage    Failure   Level
a - Ensorcelled Hibernat  Hex/Ice        18%        N/A       12%         2
b - Confusing Touch       Hex            15%        N/A       12%         3

Your spell library contained the following spells:

 Spells                   Type           Power      Damage    Failure   Level
 Tukima's Dance           Hex            15%        N/A       12%         3
 Summon Small Mammal      Summ           8%         N/A       16%         1
 Dazzling Flash           Conj/Hex       16%        N/A       24%         3
 Summon Guardian Golem    Hex/Summ       8%         N/A       24%         3
 Call Canine Familiar     Summ           2%         N/A       43%         3


Dungeon Overview and Level Annotations

Branches:
Dungeon (2/15)

Altars:


Innate Abilities, Weirdness & Mutations

You are small and have problems with some larger weapons.
You are completely attuned to the shadows.


Message History

A puff of flame appears from out of thin air!
The puff of flame hits you.
The goblin shoots a sling bullet.
The sling bullet misses you.
You miss something.
You hear some strange, mumbled words.
You are confused.
The goblin shoots a sling bullet.
The sling bullet closely misses you.
You bump into the rock wall.
Something hits you but does no damage.
The goblin shoots a sling bullet.
You closely miss something. Something hits you but does no damage.
You bump into the rock wall.
Something hits you.
The goblin shoots a sling bullet.
You bump into the rock wall.
Something hits you.
You completely miss something.
You feel less confused. Something hits you but does no damage.
You hit something.
The goblin shoots a sling bullet.
The sling bullet barely misses you. Something hits you.
You hit something.
The goblin shoots a sling bullet.
The sling bullet closely misses you.
You hit something.
You hear some strange, mumbled words.
You are confused.
The goblin shoots a sling bullet.
The sling bullet hits you but does no damage.
You closely miss something.
You hear some strange, mumbled words.
A magic dart appears from out of thin air!
The magic dart hits you.
* * * LOW HITPOINT WARNING * * *
The goblin shoots a sling bullet.
You barely miss something. Something hits you.
* * * LOW HITPOINT WARNING * * *
You bump into the rock wall.
Something hits you but does no damage.
The goblin shoots a sling bullet.
The sling bullet barely misses you.
You bump into the rock wall.
You hear some strange, mumbled words.
A puff of flame appears from out of thin air!
The puff of flame hits you!
You die...

#.....<... ##.## #.......
#..#.#.... #..# #.......
#..#.########### ##.#
#..##### #..............#
#.# #..#####
##############.# #.#
#......) #.# #.###.######
#.# #..##.# # #.#
##.##.###### .....# #@#
#..#.....## ...o.# #{#
##.#.....## ....o+ #g#
#.#.....## .!...###.####
#.#.....##
....o#......####...######
.....#......##........# #
.....g......##........# #
.....#......##........#
...##############..####


You could see a goblin.

Vanquished Creatures
  Jessica (D:2)
  Robin (D:2)
  3 gnolls (D:2)
  An adder (D:2)
  2 orcs (D:2)
  7 ball pythons
  A bat (D:2)
  5 endoplasms (D:2)
  3 giant cockroaches (D:2)
  7 goblins
  4 hobgoblins
  8 jackals
  A kobold (D:1)
  4 rats
48 creatures vanquished.

Notes
Turn   | Place    | Note
-------+----------+-------------------------------------------
     0 | D:1      | jimonade the Kobold Enchanter began the quest for the Orb.
     0 | D:1      | Reached XP level 1. HP: 10/10 MP: 3/3
   327 | D:1      | Found a faded altar of an unknown god.
   412 | D:1      | Reached XP level 2. HP: 12/15 MP: 5/5
   647 | D:1      | Learned a level 2 spell: Ensorcelled Hibernation
   772 | D:1      | Reached skill level 5 in Stealth
  1138 | D:1      | Reached XP level 3. HP: 20/20 MP: 6/6
  1486 | D:2      | Learned a level 3 spell: Confusing Touch
  2054 | D:2      | Noticed Robin
  2056 | D:2      | Killed Robin
  2057 | D:2      | Reached XP level 4. HP: 24/24 MP: 7/7
  2063 | D:2      | Reached skill level 6 in Stealth
  2313 | D:2      | Noticed Jessica
  2317 | D:2      | Killed Jessica
  2318 | D:2      | Reached XP level 5. HP: 28/28 MP: 8/8
  2569 | D:2      | Identified the +2 robe of the Orb Guardian {Int+3}
  2671 | D:2      | Reached skill level 7 in Stealth
  2700 | D:2      | Killed from afar by an orc wizard

Illustrated notes

Levels and vault maps discovered:
D:1:      zelgadis_glass_arrival_small, layout_loops_corners,
          nicolae_ecumenical_snake_handling
D:2:      layout_basic, serial_shops, shop_fountains, uniq_robin, uniq_jessica

Skill      XL: |  1  2  3  4  5 |
---------------+----------------+-----
Stealth        | 5 6 7 |  7.0
Short Blades   | 2 |  2.3
Fighting       | |  0.7
Dodging        | |  2.7
Spellcasting   | |  2.2
Hexes          | |  3.2
Ice Magic      | |  0.2

Action                   |  1- 3 |  4- 6 || total
-------------------------+-------+-------++-------
Melee: Dagger            |    82 |    60 ||   142
       Punch             |     2 |       ||     2
 Cast: Ensorcelled Hiber |     2 |     7 ||     9
 Stab: Sleeping          |    16 |     7 ||    23
Armor: Robe              |    15 |    17 ||    32
Dodge: Dodged            |    38 |    37 ||    75

Table legend: (Time is in decaauts)
 A = Elapsed time spent in this place.
 B = Non-inter-level travel time spent in this place.
 C = Inter-level travel time spent in this place.
 D = Time resting spent in this place.
 E = Time spent auto-exploring this place.
 F = Levels seen in this place.
 G = Mean time per level.
                   A        B        C        D        E       F      G
               +--------+--------+--------+--------+--------+-----+--------+
         Total |   2686 |   2663 |     23 |    636 |   1489 |   2 | 1343.0 |
       Dungeon |   2686 |   2663 |     23 |    636 |   1489 |   2 | 1343.0 |
               +--------+--------+--------+--------+--------+-----+--------+

Top non-repeatable levels by time:
     D:1: 1462 daAuts
     D:2: 1224 daAuts
